 Dungeon Crawl Stone Soup version 0.26-a0-180-ge96aa7da28 (webtiles) character file.

Game seed: 3582325365806129690

380 tilp the Covert (level 6, 0/28 HPs)
             Began as a Spriggan Enchanter on July 3, 2020.
             Slain by an orc wizard
             ... wielding a +0 dagger
              (7 damage)
             ... on level 4 of the Dungeon.
             The game lasted 00:09:57 (6104 turns).

tilp the Covert (Spriggan Enchanter)                Turns: 6104, Time: 00:09:58

Health: 0/28       AC:  4    Str:  4    XL:     6   Next: 46%
Magic:  2/16       EV: 18    Int: 16    God:
Gold:   258        SH:  0    Dex: 19    Spells: 5/17 levels left

rFire    . . .     SeeInvis +   b - +2 hand axe (elec)
rCold    . . .     Faith    .   (shield restricted)
rNeg     . . .     Spirit   .   d - +0 robe
rPois    .         Reflect  .   (helmet restricted)
rElec    .         Harm     .   u - +1 cloak {rCorr}
rCorr    +                      (gloves unavailable)
MR       +....                  (boots unavailable)
Stlth    ++++......             (no amulet)
HPRegen  0.09/turn              (no ring)
MPRegen  0.15/turn              (no ring)

@: very quick
A: very small, unfitting armour, see invisible, herbivore, speed 3, slow
metabolism 2
a: no special abilities


You were on level 4 of the Dungeon.
You were not hungry.

You visited 1 branch of the dungeon, and saw 4 of its levels.

You collected 258 gold pieces.

Inventory:

Hand Weapons
 a - a +2 dagger
 b - a +2 hand axe of electrocution (weapon)
Missiles
 m - 16 poisoned darts (quivered)
 n - 6 atropa-tipped darts
Armour
 d - a +0 robe (worn)
 u - a +1 cloak of preservation (worn)
Scrolls
 g - a scroll of remove curse
 j - 3 scrolls of teleportation
 o - a scroll of immolation
Potions
 e - a potion of degeneration
 f - 5 potions of curing
 i - 2 potions of flight
 q - a potion of mutation {unknown}
 s - a potion of might {unknown}
 t - a potion of magic {unknown}
Comestibles
 c - 9 rations


   Skills:
 - Level 1.1 Short Blades
 - Level 3.0 Dodging
 - Level 8.0 Stealth
 + Level 6.3 Spellcasting
 + Level 4.2 Hexes


You had 5 spell levels left.
You knew the following spells:

 Your Spells              Type           Power        Failure   Level  Hunger
a - Corona                Hex            ###....      2%          1    None
b - Ensorcelled Hibernat  Hex/Ice        ##....       9%          2    None
c - Confusing Touch       Hex            ###.....     7%          3    ##.....
d - Tukima's Dance        Hex            ###.....     7%          3    ##.....
e - Dazzling Flash        Conj/Hex       ##....       17%         3    ##.....

Your spell library contained the following spells:

 Spells                   Type           Power        Failure   Level  Hunger


Dungeon Overview and Level Annotations

Branches:
Dungeon (4/15)
 Temple: D:4-7

Altars:
Ashenzari
Fedhas
Okawaru


Innate Abilities, Weirdness & Mutations

You are very small and have problems with some larger weapons.
You are too small for most types of armour.
You have supernaturally acute eyesight. (SInv)
You are a herbivore.
You cover ground extremely quickly.
You need to consume almost no food.


Message History

The worker ant barely misses you.
There is a stone staircase leading up here.
Casting: Ensorcelled Hibernation (safe; 9% risk of failure)
Confirm with . or Enter, or press ? or * to list all spells.
Aiming: Ensorcelled Hibernation (safe; 9% risk of failure)
Press: ? - help, Shift-Dir - straight line, f - worker ant
Aim: a worker ant (chance to defeat MR: 50%)
The worker ant looks drowsy...
The helpless worker ant fails to defend itself.
You impale the worker ant!!
You kill the worker ant!
Unknown command.
You hear the crackle of electricity.
b - a +2 hand axe of electrocution (weapon)
Unknown command.
You barely miss the orc wizard.
You hear the slow rusting of a drain nearby.
You hear the slow hiss of a very distant avalanche of sand.
The orc wizard hits you with a +0 dagger!
You die...

#.##.### #......#
##..#.#.#####
#...#.#.....#
#...#.#.....#
#...#.#.....#
###'#'#.#.....#
#..)..........+
#.....o@......#
#.....†.......#
#.........#####
#......†.##
#........########
#####...>........
#############


You could see an orc wizard.

Vanquished Creatures
  3 orc priests (D:3)
  An orc wizard (D:3)
  Crazy Yiuf (D:3)
  Jessica (D:3)
  A worker ant (D:4)
  A gnoll (D:1)
  6 adders
  An ooze (D:3)
  3 worms
  6 dart slugs
  2 leopard geckos
  11 orcs
  6 bats
  4 giant cockroaches
  6 goblins
  8 hobgoblins
  13 jackals
  8 kobolds
  8 frilled lizards
  4 rats
94 creatures vanquished.

Notes
Turn   | Place    | Note
-------+----------+-------------------------------------------
     0 | D:1      | tilp the Spriggan Enchanter began the quest for the Orb.
     0 | D:1      | Reached XP level 1. HP: 9/9 MP: 5/5
   399 | D:1      | Found a shattered altar of Ashenzari.
   701 | D:1      | Reached skill level 5 in Stealth
   701 | D:1      | Reached XP level 2. HP: 9/13 MP: 4/7
   705 | D:1      | Learned a level 2 spell: Ensorcelled Hibernation
  1368 | D:1      | Reached XP level 3. HP: 16/16 MP: 9/9
  1797 | D:1      | Reached skill level 6 in Stealth
  2244 | D:2      | Reached XP level 4. HP: 21/21 MP: 8/11
  3317 | D:3      | Noticed Jessica
  3534 | D:3      | Killed Jessica
  3534 | D:3      | Reached skill level 7 in Stealth
  3534 | D:3      | Reached skill level 5 in Spellcasting
  3534 | D:3      | Reached XP level 5. HP: 24/24 MP: 7/13
  3810 | D:2      | Learned a level 3 spell: Confusing Touch
  3814 | D:2      | Learned a level 3 spell: Tukima's Dance
  3818 | D:2      | Learned a level 3 spell: Dazzling Flash
  4461 | D:3      | Found an iron altar of Okawaru.
  5341 | D:3      | Found a blossoming altar of Fedhas.
  5742 | D:3      | Reached skill level 8 in Stealth
  5865 | D:3      | Found a runed translucent door.
  5866 | D:3      | Noticed Crazy Yiuf
  5872 | D:3      | Killed Crazy Yiuf
  5872 | D:3      | Reached XP level 6. HP: 15/28 MP: 11/16
  6104 | D:4      | Slain by an orc wizard

Illustrated notes

Levels and vault maps discovered:
D:1:      minmay_arrival_solitary_statue, layout_loops_ring,
          nicolae_ashenzari_panopticon
D:2:      layout_basic
D:3:      layout_loops_ring, okawaru_gym_becter, lemuel_crystal_altar,
          first_ration, small_statue_intersection, moated_statue, uniq_jessica,
          uniq_crazy_yiuf_cottage
D:4:      layout_basic, nicolae_ossuary_entry_ruins, portal_sewer_entry_f,
          serial_shops, shop, chequers_avenue

Skill      XL: |  1  2  3  4  5  6 |
---------------+-------------------+-----
Spellcasting   | 3 4 5 6 |  6.3
Stealth        | 5 6 7 8 |  8.0
Hexes          | 4 |  4.2
Short Blades   | |  1.1
Dodging        | |  3.0

Action                   |  1- 3 |  4- 6 || total
-------------------------+-------+-------++-------
Melee: Dagger            |   142 |   232 ||   374
       Hand axe          |       |     1 ||     1
 Cast: Corona            |    11 |     2 ||    13
       Ensorcelled Hiber |    18 |    65 ||    83
       Confusing Touch   |       |     3 ||     3
  Use: Scroll            |       |    11 ||    11
       Potion            |       |     1 ||     1
 Stab: Sleeping          |    18 |    33 ||    51
  Eat: Ration            |       |     3 ||     3
Armor: Robe              |    11 |    14 ||    25
Dodge: Dodged            |   106 |   197 ||   303

Table legend:
 A = Non-vault XP
 B = Vault XP
 C = Vault XP percentage of total XP
 D = Non-vault monster count
 E = Vault monster count
 F = Vault count percentage of total count
                 A         B        C        D         E       F
            +---------+---------+-------+---------+---------+-------
      Total |     468 |      76 |  14.0 |      92 |       2 |   2.1
            +---------+---------+-------+---------+---------+-------
        D:1 |      83 |       0 |   0.0 |      34 |       0 |   0.0
        D:2 |      81 |       0 |   0.0 |      17 |       0 |   0.0
        D:3 |     256 |      76 |  22.9 |      38 |       2 |   5.0
        D:4 |      48 |       0 |   0.0 |       3 |       0 |   0.0
            +---------+---------+-------+---------+---------+-------
